 Dungeon Crawl Stone Soup version 0.25-a0-413-g3b4b6a4ccc (webtiles) character file.

Game seed: 6971312542073828954, levelgen mode: deterministic

173 Borgoz the Skirmisher (level 5, -2/34 HPs)
             Began as a Gargoyle Berserker on Jan 15, 2020.
             Was a Believer of Trog.
             Killed by nerve-wracking pain
             ... invoked by Grinder
              (6 damage)
             ... on level 4 of the Dungeon.
             The game lasted 00:02:44 (2372 turns).

Borgoz the Skirmisher (Gargoyle Berserker)          Turns: 2372, Time: 00:02:45

Health: -2/34      AC: 10    Str: 21    XL:     5   Next: 53%
Magic:  5/5        EV: 10    Int: 13    God:    Trog [**....]
Gold:   88         SH:  0    Dex:  9    Spells: 4/4 levels left

rFire    . . .     SeeInvis .   e - +0 flail
rCold    . . .     Gourm    .   (no shield)
rNeg     + . .     Faith    .   j - +0 scale mail
rPois    ∞         Spirit   .   (no helmet)
rElec    +         Reflect  .   (no cloak)
rCorr    .         Harm     .   (no gloves)
MR       .....                  (no boots)
Stlth    +.........             (no amulet)
HPRegen  0.11/turn              d - ring of stealth
MPRegen  0.09/turn              (no ring)

@: brilliant, berserk cooldown
A: negative energy resistance 1, electricity resistance, unbreathing,
petrification resistance, rot immunity, AC +4
a: Berserk, Trog's Hand, Renounce Religion


You were on level 4 of the Dungeon.
You worshipped Trog.
Trog was pleased with you.
You were not hungry.

You visited 1 branch of the dungeon, and saw 4 of its levels.

You collected 88 gold pieces.

Inventory:

Hand Weapons
 e - a +0 flail (weapon)
Missiles
 s - a throwing net (quivered)
Armour
 j - a +0 scale mail (worn)
Jewellery
 d - a ring of stealth (left hand)
 p - a +2 ring of dexterity {unknown}
Wands
 t - a wand of flame (16)
Scrolls
 f - 2 scrolls of identify {unknown}
 h - 2 scrolls of magic mapping {unknown}
 i - a scroll of immolation {unknown}
 m - a scroll of fear {unknown}
 n - a scroll of teleportation {unknown}
 o - a scroll of enchant weapon
 q - a scroll of fog {unknown}
 r - a scroll of noise {unknown}
Potions
 a - a potion of berserk rage {unknown}
 g - a potion of lignification {unknown}
 k - a potion of resistance {unknown}
 l - 3 potions of curing {unknown}


   Skills:
 + Level 4.3 Fighting
 + Level 3.9 Maces & Flails
 + Level 3.5 Armour
 + Level 2.6 Dodging


You had 4 spell levels left.
You didn't know any spells.
Your spell library was empty.

Dungeon Overview and Level Annotations

Branches:
Dungeon (4/15)
 Temple: D:4-7

Altars:
Gozag
Xom
The Shining One

Annotations:
D:3 2 transporters, MisterFreud's ghost, amateur GnCK
D:4 Grinder


Innate Abilities, Weirdness & Mutations

You are resistant to torment.
Your stone body is resilient. (AC +4)
You are immune to poison.
You resist negative energy. (rN+)
You are resistant to electric shocks. (rElec)
You can survive without breathing.
You are immune to petrification.
You are immune to rotting.


Message History

Grinder gestures at you.
You suddenly lose the ability to move!
Grinder hits you but does no damage. x2
You feel yourself speed up. Grinder hits you but does no damage.
Grinder hits you!
* * * LOW HITPOINT WARNING * * *
You writhe in agony.
* * * LOW HITPOINT WARNING * * *
You can move again.
Unknown command.
Unknown command.
It was a potion of brilliance.
You feel clever all of a sudden. Grinder hits you.
* * * LOW HITPOINT WARNING * * *
You eat the ration.
That ration really hit the spot!
Grinder gestures at you. Pain shoots through your body!
You die...

.........## ..........#
.......$..## ....
#.....# .....##...##
#.....#....# #......###
.#####5....#
#....##@...###
#...........## ...
..##............## ....
##.#.....#.#......#
#..##........#.#......#
.##..#..>..........#.###
..................####
................###
....##.........##


You could see Grinder.

Vanquished Creatures
  An orc priest (D:2)
  An orc wizard (D:3)
  4 adders
  A worm (D:3)
  A dart slug (D:3)
  3 leopard geckos
  6 orcs
  3 ball pythons
  5 bats
  6 giant cockroaches
  6 goblins
  4 hobgoblins (D:2)
  3 jackals (D:2)
  4 kobolds
  8 frilled lizards
  A leopard gecko zombie (D:3)
  10 rats
67 creatures vanquished.

Notes
Turn   | Place    | Note
-------+----------+-------------------------------------------
     0 | D:1      | Borgoz the Gargoyle Berserker began the quest for the Orb.
     0 | D:1      | Reached XP level 1. HP: 14/14 MP: 1/1
    85 | D:1      | Found a glowing golden altar of the Shining One.
   199 | D:1      | Reached XP level 2. HP: 19/19 MP: 2/2
   641 | D:2      | Reached XP level 3. HP: 24/24 MP: 3/3
   716 | D:2      | Reached XP level 4. HP: 18/29 MP: 4/4
  1031 | D:2      | Found an opulent altar of Gozag.
  1130 | D:2      | Reached ** piety under Trog
  1193 | D:2      | Reached skill level 4 in Fighting
  1546 | D:3      | Noticed a bullfrog
  1550 | D:3      | Noticed MisterFreud's ghost (amateur GnCK)
  1564 | D:3      | Found a transporter.
  1576 | D:3      | Reached XP level 5. HP: 33/33 MP: 5/5
  1637 | D:3      | Found a transporter.
  2157 | D:3      | Found a shimmering altar of Xom.
  2157 | D:3      | Found a shimmering altar of Xom.
  2158 | D:3      | Found a shimmering altar of Xom.
  2159 | D:3      | Found a shimmering altar of Xom.
  2160 | D:3      | Found a shimmering altar of Xom.
  2161 | D:3      | Found a shimmering altar of Xom.
  2325 | D:4      | Noticed Grinder
  2332 | D:4      | Paralysed by Grinder for 7 turns
  2344 | D:4      | Paralysed by Grinder for 7 turns
  2366 | D:4      | Paralysed by Grinder for 5 turns
  2372 | D:4      | Killed from afar by Grinder

Levels and vault maps discovered:
D:1:      minmay_arrival_three_doors, layout_loops_ring, tso_metal_star
D:2:      layout_basic, serial_curves, eino_curves_02, eino_curves_03,
          grunt_gozag_breadcrumbs
D:3:      layout_basic, gammafunk_ghost_arena, xom_redecorated
D:4:      layout_cave_pools, kennysheep_little_box,
          minmay_temple_entry_proselytizer, first_ration, uniq_grinder

Skill      XL: |  1  2  3  4 |
---------------+-------------+-----
Dodging        | 2 |  2.6
Armour         | 3 |  3.5
Fighting       | 4 |  4.3
Maces & Flails | |  3.9

Action                   |  1- 3 |  4- 6 || total
-------------------------+-------+-------++-------
Melee: Mace              |    53 |       ||    53
       Flail             |    23 |   159 ||   182
Invok: Berserk           |     1 |     1 ||     2
       Trog's Hand       |       |     1 ||     1
  Use: Scroll            |     2 |       ||     2
       Potion            |       |     1 ||     1
 Stab: Sleeping          |     1 |       ||     1
  Eat: Chunk             |       |     5 ||     5
       Ration            |       |     1 ||     1
Armor: Ring mail         |    22 |       ||    22
       Animal skin       |     1 |       ||     1
       Scale mail        |    34 |   103 ||   137
Dodge: Dodged            |    51 |   108 ||   159

Table legend:
 A = Non-vault XP
 B = Vault XP
 C = Vault XP percentage of total XP
 D = Non-vault monster count
 E = Vault monster count
 F = Vault count percentage of total count
                 A         B        C        D         E       F
            +---------+---------+-------+---------+---------+-------
      Total |     248 |       0 |   0.0 |      67 |       0 |   0.0
            +---------+---------+-------+---------+---------+-------
        D:1 |      24 |       0 |   0.0 |      13 |       0 |   0.0
        D:2 |     113 |       0 |   0.0 |      27 |       0 |   0.0
        D:3 |      98 |       0 |   0.0 |      26 |       0 |   0.0
        D:4 |      13 |       0 |   0.0 |       1 |       0 |   0.0
            +---------+---------+-------+---------+---------+-------
